 Dungeon Crawl Stone Soup version 0.16.2-12-gd0ad4c3 (webtiles) character file.

247 gorblad the Insei (level 5, -3/47 HPs)
             Began as a Draconian Monk on Sept 10, 2015.
             Shot with a stone by a goblin (7 damage)
             ... on level 4 of the Dungeon.
             The game lasted 00:08:42 (2999 turns).

gorblad the Insei (Draconian Monk)                  Turns: 2999, Time: 00:08:42

Health: -3/47      AC:  9    Str: 13    XL:     5   Next: 85%
Magic:  4/5        EV: 14    Int: 11    God:
Gold:   175        SH:  0    Dex: 14    Spells: 2 memorised, 1 level left

rFire  . . .     SeeInvis .       - Unarmed
rCold  . . .     Clarity  .     (armour unavailable)
rNeg   . . .     SustAb   .     (no shield)
rPois  .         Gourm    .     (helmet restricted)
rElec  .         Spirit   .     g - +0 cloak
rCorr  .         Warding  .     i - +2 pair of gloves
rMut   .         Stasis   .     (no boots)
MR     .....                    (no amulet)
Stlth  ++........               (no ring)
                                (no ring)

@: very slightly contaminated, not resistant to hostile enchantments, unstealthy
A: unfitting armour, cold-blooded, AC +5
a: no special abilities


You were on level 4 of the Dungeon.
You were not hungry.

You visited 1 branch of the dungeon, and saw 4 of its levels.

You collected 175 gold pieces.

Inventory:

Missiles
 c - 2 throwing nets (quivered)
Armour
 g - a +0 cloak (worn)
 i - a +2 pair of gloves (worn)
Magical devices
 m - a wand of fireball (6)
 r - a wand of cold (8)
Scrolls
 a - 5 scrolls of identify
 e - a scroll of enchant weapon
 k - a scroll of remove curse
 o - a scroll of fear {unknown}
 q - a scroll of enchant armour {unknown}
Potions
 d - 2 potions of restore abilities {unknown}
 f - a potion of heal wounds {unknown}
 h - 2 potions of degeneration {unknown}
 j - 2 potions of curing {unknown}
 l - 2 potions of invisibility {unknown}
 p - a potion of ambrosia {unknown}
 s - a potion of poison {unknown}
Books
 t - a book of Conjurations

   Spells                             Type                      Level
   a - Magic Dart                     Conjuration                  1
   b - Searing Ray                    Conjuration                  2
   c - Dazzling Spray                 Conjuration/Hexes            3
   d - Fulminant Prism                Conjuration/Hexes            4
   e - Iskenderun's Mystic Blast      Conjuration                  4
   f - Iskenderun's Battlesphere      Conjuration/Charms           5
Comestibles
 b - 5 bread rations
 n - a beef jerky


   Skills:
 + Level 4.3 Fighting
 + Level 4.3 Dodging
 + Level 2.5 Stealth
 + Level 5.0 Unarmed Combat
 + Level 0.1 Spellcasting
 + Level 0.8 Conjurations


You had one spell level left.
You knew the following spells:

 Your Spells              Type           Power        Failure   Level  Hunger
a - Magic Dart            Conj           #...         30%         1    ##.....
b - Searing Ray           Conj           #.....       43%         2    ###....


Dungeon Overview and Level Annotations

Branches:
Dungeon (4/15)
 Temple: D:4-7

Altars:
Gozag
Qazlal
Vehumet
Xom
Yredelemnul
The Shining One


Innate Abilities, Weirdness & Mutations

Your plain brown scales are hard (AC +5).
Your body does not fit into most forms of armour.
Your cold-blooded metabolism reacts poorly to cold.


Message History

The iguana is almost dead.
The iguana bites you!
* * * LOW HITPOINT WARNING * * *
You are too injured to fight recklessly!
You are too injured to fight recklessly!
You are too injured to fight recklessly!
You are too injured to fight recklessly!
You are too injured to fight recklessly!
You hit the iguana but do no damage.
You tail-slap the iguana, but do no damage.
The iguana is almost dead.
You closely miss the iguana.
The iguana is almost dead.
The iguana bites you.
* * * LOW HITPOINT WARNING * * *
You punch the iguana!
You kill the iguana!
The goblin unwields an uncursed dagger.
The goblin wields a hunting sling.
The goblin shoots a stone.
The stone hits you!
You die...

.########
#.....g†.#
#@# #.# #.#
##########.#
...........#
#########..#
###..#
##.#..#
..##.#...#


You could see a goblin.

Vanquished Creatures
  An iguana (D:4)
  An orc priest (D:4)
  Jessica (D:2)
  5 adders
  3 gnolls (D:3)
  A giant mite (D:3)
  8 orcs
  6 giant cockroaches
  8 goblins
  10 hobgoblins
  7 jackals (D:1)
  7 kobolds
  2 quokkas
  2 ball pythons
  7 bats
  3 giant geckos
  2 giant newts
  7 rats
  A butterfly (D:3)
82 creatures vanquished.

Notes
Turn   | Place    | Note
--------------------------------------------------------------
     0 | D:1      | gorblad, the Draconian Monk, began the quest for the Orb.
     0 | D:1      | Reached XP level 1. HP: 19/19 MP: 1/1
   130 | D:1      | Reached XP level 2. HP: 20/26 MP: 2/2
   589 | D:1      | Reached XP level 3. HP: 29/33 MP: 3/3
  1131 | D:2      | Noticed Jessica
  1140 | D:2      | Killed Jessica
  1186 | D:2      | Found a radiant altar of Vehumet.
  1390 | D:3      | Reached XP level 4. HP: 33/40 MP: 4/4
  1427 | D:3      | Found a shimmering altar of Xom.
  1482 | D:3      | Found an opulent altar of Gozag.
  1509 | D:3      | Found a basalt altar of Yredelemnul.
  1514 | D:3      | Found a glowing golden altar of the Shining One.
  1924 | D:3      | Found a stormy altar of Qazlal.
  1949 | D:3      | Learned a level 1 spell: Magic Dart
  1952 | D:3      | Learned a level 2 spell: Searing Ray
  1978 | D:3      | Reached XP level 5. HP: 46/46 MP: 1/5
  2742 | D:4      | Reached skill level 5 in Unarmed Combat
  2999 | D:4      | Shot with a stone by a goblin

Action                   |  1- 3 |  4- 6 || total
-------------------------+-------+-------++-------
Melee: Unarmed           |   135 |   186 ||   321
Throw: Throwing net      |     1 |       ||     1
 Cast: Magic Dart        |       |    13 ||    13
  Use: Scroll            |       |     2 ||     2
 Stab: Sleeping          |     3 |     1 ||     4
       Distracted        |     1 |       ||     1
  Eat: Chunk             |     2 |     5 ||     7
       Bread ration      |       |     1 ||     1
